 Seeded DCSS version 0.27-a0-1101-ge311f74bc8 (webtiles) character file.

Game seed: 20210428 (custom seed)

16 Snicker the Sneak (level 2, 0/22 HPs)
             Began as a Demonspawn Brigand on Apr 28, 2021.
             Slain by Eustachio
             ... wielding a +0 rapier
              (3 damage)
             ... on level 4 of the Dungeon.
             The game lasted 00:01:18 (822 turns).

Snicker the Sneak (Demonspawn Brigand)               Turns: 822, Time: 00:01:19

Health: 0/22       AC:  4    Str: 11    XL:     2   Next: 41%
Magic:  2/2        EV: 11    Int: 12    God:
Gold:   40         SH:  0    Dex: 14    Spells: 1/1 levels left

rFire    . . .     SeeInvis .   a - +2 dagger
rCold    . . .     Faith    .   (no shield)
rNeg     . . .     Spirit   .   b - +0 robe
rPois    .         Reflect  .   (no helmet)
rElec    .         Harm     .   c - +0 cloak
rCorr    .         Rampage  .   (no gloves)
Will     .....                  g - +0 pair of boots
Stlth    +++.......             (no amulet)
HPRegen  0.07/turn              (no ring)
MPRegen  0.08/turn              (no ring)

@: no status effects
A: spiny 1
a: no special abilities


You were on level 4 of the Dungeon.
You visited 1 branch of the dungeon, and saw 3 of its levels.

You collected 40 gold pieces.

Inventory:

Hand Weapons
 a - a +2 dagger (weapon)
Missiles
 d - 8 poisoned darts (quivered)
Armour
 b - a +0 robe (worn)
 c - a +0 cloak (worn)
 g - a +0 pair of boots (worn)
Jewellery
 h - an amulet of faith
Scrolls
 f - a scroll of summoning {unknown}
 i - a scroll of vulnerability {unknown}
 j - a scroll of fear {unknown}
 k - a scroll of identify {unknown}


   Skills:
 + Level 2.0 Fighting
 * Level 1.9 Short Blades
 + Level 1.7 Throwing
 + Level 0.8 Dodging
 * Level 4.2 Stealth


You had one spell level left.
You didn't know any spells.
Your spell library contained the following spells:

 Spells                   Type           Power      Damage    Failure   Level
 Corona                   Hex            0%         N/A       32%         1
 Ensorcelled Hibernation  Hex/Ice        0%         N/A       45%         2
 Confusing Touch          Hex            0%         N/A       69%         3
 Dazzling Flash           Conj/Hex       0%         N/A       69%         3
 Tukima's Dance           Hex            0%         N/A       69%         3


Dungeon Overview and Level Annotations

Branches:
Dungeon (2/15)

Altars:
Elyvilon
Uskayaw

Annotations:
D:4 Eustachio


Innate Abilities, Weirdness & Mutations

You are partially covered in sharp spines.


Message History

Eustachio shouts!
Found a white marble altar of Elyvilon.
You swap places.
Eustachio mumbles some strange words.
Eustachio blinks!
Found 19 stones.
Eustachio gestures wildly while chanting.
Eustachio blinks!
Throw: 2 darts (curare)
Press: ? - help, Q - select action, (/) - cycle Shift-Dir - straight line, f - Eustachio
Aim: Eustachio, wielding a +0 rapier and wearing a +1 leather armour of cold resistance (48% to hit)
You throw a curare-tipped dart.
The curare-tipped dart barely misses Eustachio.
Unknown command.
Throw: dart (curare)
Press: ? - help, Q - select action, (/) - cycle Shift-Dir - straight line, f/p - Eustachio
Aim: Eustachio, wielding a +0 rapier and wearing a +1 leather armour of cold resistance (48% to hit)
You throw a curare-tipped dart. The curare-tipped dart hits Eustachio.
Eustachio is poisoned.
Eustachio convulses.
Eustachio seems to slow down.
Eustachio is lightly wounded.
Eustachio hits you with a +0 rapier.
You hit Eustachio.
Eustachio is moderately wounded.
Eustachio completely misses you.
You hit Eustachio.
Eustachio is heavily wounded.
You closely miss Eustachio.
Eustachio is heavily wounded.
Eustachio hits you with a +0 rapier!
You hit Eustachio.
Eustachio is heavily wounded.
You hit Eustachio but do no damage.
Eustachio is severely wounded.
Eustachio hits you with a +0 rapier!
* * * LOW HITPOINT WARNING * * *
You hit Eustachio.
Eustachio is severely wounded.
Eustachio hits you with a +0 rapier.
You die...

#### ##### ....
...## ..... ...##
..... ###...###
.....#≈≈...≈≈#
.....#≈..♣..≈##
##+#.....@@..#
#.....♣._.♣(..#
#.............#
......#≈..♣..≈#.#
......#≈≈...≈≈# #
.#... ###...###
..... (..... .###
#######


You could see Eustachio (poisoned, slow).

Vanquished Creatures
  A dart slug (D:1)
  5 bats
  An endoplasm (D:2)
  2 goblins
  A quokka (D:2)
  A frilled lizard (D:2)
  A kobold (D:1)
  A rat (D:2)
13 creatures vanquished.

Vanquished Creatures (others)
  A dart slug (D:1)
  A bat (D:1)
2 creatures vanquished.

Grand Total: 15 creatures vanquished

Notes
Turn   | Place    | Note
-------+----------+-------------------------------------------
     0 | D:1      | Snicker the Demonspawn Brigand began the quest for the Orb.
     0 | D:1      | Reached XP level 1. HP: 16/16 MP: 1/1
   117 | D:1      | Found a faded altar of an unknown god.
   200 | D:1      | Reached skill level 4 in Stealth
   382 | D:2      | Gained mutation: You are partially covered in sharp spines.
                  | [demonic ancestry]
   382 | D:2      | Reached XP level 2. HP: 22/22 MP: 2/2
   418 | D:2      | Found a hide-covered altar of Uskayaw.
   810 | D:2      | You fall into a shaft and drop 2 floors!
   811 | D:4      | Noticed Eustachio
   822 | D:4      | Slain by Eustachio

Illustrated notes

Levels and vault maps discovered:
D:1:      psy_arrival_terrarium, layout_loops_cross,
          hellmonk_ecumenical_altar_crossroads, minivault_26,
          lemuel_flame_loot_1
D:2:      layout_loops_corners, basic_altar, amethyst_killhole
D:4:      layout_basic, elyvilon_altar_4, nicolae_overflow_crystal_walls,
          slow_altar_2, nicolae_hepliaklqana_hazy_memory,
          minmay_temple_entry_slanted, uniq_eustachio

Skill      XL: |  1 |
---------------+----+-----
Stealth        | 4 |  4.2
Fighting       | |  2.0
Short Blades   | |  1.9
Throwing       | |  1.7
Dodging        | |  0.8

Action                   || total
-------------------------++-------
Melee: Dagger            ||    36
Throw: Dart              ||     2
 Stab: Sleeping          ||     4
Armor: Robe              ||    12
Dodge: Dodged            ||    27

Table legend: (Time is in decaauts)
 A = Elapsed time spent in this place.
 B = Non-inter-level travel time spent in this place.
 C = Inter-level travel time spent in this place.
 D = Time resting spent in this place.
 E = Time spent auto-exploring this place.
 F = Levels seen in this place.
 G = Mean time per level.
                   A        B        C        D        E       F      G
               +--------+--------+--------+--------+--------+-----+--------+
         Total |    818 |    816 |      2 |      0 |    622 |   3 |  272.7 |
       Dungeon |    818 |    816 |      2 |      0 |    622 |   3 |  272.7 |
               +--------+--------+--------+--------+--------+-----+--------+

Top non-repeatable levels by time:
     D:2: 448 daAuts
     D:1: 358 daAuts
     D:4: 11 daAuts
